 Dungeon Crawl Stone Soup version 0.22-b1-59-g0aedee734a (webtiles) character file.

2691 Htamos the Shield-Bearer (level 9, 0/72 HPs)
             Began as a Formicid Fighter on Aug 9, 2018.
             Was a Believer of Makhleb.
             Slain by a killer bee (4 damage)
             ... on level 7 of the Dungeon.
             The game lasted 00:11:23 (7047 turns).

Htamos the Shield-Bearer (Formicid Fighter)         Turns: 7047, Time: 00:11:25

Health: 0/72       AC: 11    Str: 21    XL:     9   Next: 96%
Magic:  9/9        EV:  8    Int:  9    God:    Makhleb [**....]
Gold:   85         SH: 11    Dex: 12    Spells: 8/8 levels left

rFire    + . .     SeeInvis +   x - +2 battleaxe (curse)
rCold    + . .     Gourm    .   c - +0 shield
rNeg     . . .     Faith    .   p - +0 chain mail
rPois    +         Spirit   .   (helmet unavailable)
rElec    +         Reflect  .   h - +0 cloak
rCorr    +         Harm     .   (no gloves)
MR       .....                  (no boots)
Stlth    ..........             (no amulet)
HPRegen  0.22/turn              (no ring)
MPRegen  0.11/turn              (no ring)

@: resistant
A: permanent stasis, dig shafts and tunnels, four strong arms, antennae 3
a: Dig, Shaft Self, Minor Destruction, Renounce Religion


You were on level 7 of the Dungeon.
You worshipped Makhleb.
Makhleb was pleased with you.
You were not hungry.

You visited 1 branch of the dungeon, and saw 7 of its levels.

You collected 387 gold pieces.
You spent 302 gold pieces at shops.

Inventory:

Hand Weapons
 a - a +1 flail
 e - a +1 great sword of freezing
 k - a +0 falchion of flaming
 x - a cursed +2 battleaxe (weapon)
Armour
 c - a +0 shield (worn)
 h - a +0 cloak (worn)
 p - a +0 chain mail (worn)
Jewellery
 d - an uncursed ring of stealth {unknown}
Wands
 v - a wand of random effects (11)
Scrolls
 b - 4 scrolls of teleportation {unknown}
 g - a scroll of fog {unknown}
 j - 4 scrolls of enchant weapon
 m - 3 scrolls of magic mapping
 n - 4 scrolls of enchant armour {unknown}
 q - a scroll of amnesia
 s - 2 scrolls of remove curse {unknown}
 t - 6 scrolls of identify
 w - a scroll of fear {unknown}
Potions
 i - a potion of might
 l - 2 potions of degeneration
 o - a potion of resistance
 r - 2 potions of brilliance {unknown}
 u - 3 potions of curing
Comestibles
 f - 16 rations
 z - a chunk of flesh


   Skills:
 * Level 7.5 Fighting
 + Level 5.3 Long Blades
 + Level 0.2(3.6) Axes
 - Level 6.0 Maces & Flails
 + Level 6.1 Armour
 + Level 2.4 Dodging
 + Level 0.9 Stealth
 + Level 7.6 Shields


You had 8 spell levels left.
You didn't know any spells.
Your spell library contained the following spells:

 Spells                   Type           Power        Failure   Level  Hunger
 Animate Dead             Necr           N/A          100%        4    #####..
 Pain                     Necr           #...         99%         1    ##.....
 Animate Skeleton         Necr           N/A          99%         1    ##.....
 Vampiric Draining        Necr           #.........   100%        3    ####...
 Regeneration             Chrm/Necr      #.........   100%        3    ####...


Dungeon Overview and Level Annotations

Branches:
Dungeon (7/15)             Temple (0/1) D:4

Altars:
Cheibriados
Makhleb

Shops:
D:4 !   D:5 ?*[   D:7 !


Innate Abilities, Weirdness & Mutations

You cannot be hasted, slowed, berserked, paralysed or teleported.
You can dig through walls and to a lower floor.
Your four strong arms can wield two-handed weapons with a shield.
You have a pair of large antennae on your head. (SInv)


Message History

The killer bee closely misses you.
The killer bee stings you but does no damage.
You block the killer bee's attack. The killer bee barely misses you. x3
You block the killer bee's attack.
Your chain mail prevents you from hitting the killer bee.
You hit the killer bee but do no damage.
You block the killer bee's attack. The killer bee stings you.
* * * LOW HITPOINT WARNING * * *
The killer bee stings you.
* * * LOW HITPOINT WARNING * * *
You block the killer bee's attack.
The killer bee stings you but does no damage.
You block the killer bee's attack.
Your chain mail prevents you from hitting the killer bee.
You barely miss the killer bee. You block the killer bee's attack.
The killer bee barely misses you.
The killer bee stings you but does no damage.
The killer bee barely misses you. You block the killer bee's attack.
The killer bee stings you.
You die...

#.. ##.........#
#.... #.#
##........###....
#.#
###.....###.#...
#..#
#####)####.###..
#...####....).[...#
###
#.............##..#
#.....##########..#
#.....## ....#
#.....@# .....#
#....y.y# ......
#...≈≈.≈≈. .. #####


You could see 2 killer bees.

Vanquished Creatures
  Pikel (D:6)
  A spriggan (D:7)
  A sky beast (D:5)
  A phantom (D:6)
  2 ice beasts
  5 ogres
  A centaur (D:7)
  Blork the orc (D:5)
  A killer bee (D:7)
  3 wights (D:7)
  2 crimson imps
  A hound (D:6)
  A centaur skeleton (D:7)
  An orc priest (D:4)
  A bullfrog skeleton (D:6)
  2 jellies
  5 orc wizards
  2 iguanas (D:7)
  7 worker ants
  A killer bee zombie (D:7)
  A hound skeleton (D:6)
  A mummy (D:5)
  Robin (D:2)
  7 adders
  4 gnolls (D:7)
  A howler monkey skeleton (D:6)
  2 river rats (D:3)
  A shadow imp (D:5)
  2 oozes
  3 worms
  2 dart slugs
  6 leopard geckos
  20 orcs
  A ball python (D:4)
  5 giant cockroaches
  7 hobgoblins
  13 jackals
  4 kobolds
  2 quokkas (D:7)
  6 bats
  5 frilled lizards (D:3)
  14 goblins
  A leopard gecko skeleton (D:6)
  A leopard gecko zombie (D:6)
  8 rats
158 creatures vanquished.

Vanquished Creatures (others)
  An ogre (D:6)
1 creature vanquished.

Grand Total: 159 creatures vanquished

Notes
Turn   | Place    | Note
-------+----------+-------------------------------------------
     0 | D:1      | Htamos the Formicid Fighter began the quest for the Orb.
     0 | D:1      | Reached XP level 1. HP: 18/18 MP: 1/1
    70 | D:1      | Reached XP level 2. HP: 4/24 MP: 2/2
   831 | D:2      | Reached XP level 3. HP: 28/30 MP: 3/3
   835 | D:2      | Noticed Robin
   847 | D:2      | HP: 1/30 [goblin[Robin] (3)]
  1389 | D:2      | Killed Robin
  1476 | D:2      | Found a burning altar of Makhleb.
  1529 | D:2      | Became a worshipper of Makhleb the Destroyer
  1571 | D:2      | Reached XP level 4. HP: 37/37 MP: 4/4
  1709 | D:2      | Noticed an ice beast
  1721 | D:2      | Killed an ice beast
  1721 | D:2      | Reached skill level 1 in Dodging
  1721 | D:2      | Reached XP level 5. HP: 29/43 MP: 5/5
  2032 | D:3      | Reached XP level 6. HP: 46/49 MP: 6/6
  2474 | D:3      | Reached skill level 5 in Shields
  2738 | D:3      | You fall through a shaft!
  2738 | D:4      | Found a staircase to the Ecumenical Temple.
  2744 | D:4      | Reached * piety under Makhleb
  2772 | D:4      | Noticed an ogre
  2786 | D:4      | Killed an ogre
  2786 | D:4      | Reached skill level 5 in Fighting
  2786 | D:4      | Reached XP level 7. HP: 56/56 MP: 7/7
  3174 | D:4      | Found Zocics's Distillery.
  3182 | D:4      | Bought a potion of might for 40 gold pieces
  4074 | D:5      | Entered Level 5 of the Dungeon
  4074 | D:5      | Found Ucinam's Armour Shoppe.
  4327 | D:4      | Reached skill level 5 in Maces & Flails
  4327 | D:4      | Reached XP level 8. HP: 22/63 MP: 8/8
  5102 | D:5      | Reached ** piety under Makhleb
  5307 | D:5      | Found Faaman's General Store.
  5315 | D:5      | Bought a +1 great sword of freezing for 224 gold pieces
  5385 | D:5      | Found Viur's Magic Scroll Boutique.
  5393 | D:5      | Bought a scroll of magic mapping for 38 gold pieces
  5458 | D:6      | Noticed Blork the orc
  5474 | D:5      | Killed Blork the orc
  5474 | D:5      | Reached skill level 5 in Armour
  5616 | D:6      | Reached skill level 1 in Long Blades
  5616 | D:6      | Reached XP level 9. HP: 61/71 MP: 9/9
  5864 | D:6      | Found a snail-covered altar of Cheibriados.
  5933 | D:6      | Noticed Pikel
  5940 | D:6      | Killed Pikel
  6860 | D:7      | Reached skill level 5 in Long Blades
  7027 | D:7      | Found Dedani's Distillery.
  7047 | D:7      | Slain by a killer bee

Skill      XL: |  1  2  3  4  5  6  7  8  9 |
---------------+----------------------------+-----
Shields        | 4 5 6 7 |  7.6
Fighting       | 4 5 6 7 |  7.5
Dodging        | 1 2 |  2.4
Maces & Flails | 3 4 5 6 |  6.0
Armour         | 4 5 6 |  6.1
Long Blades    | 1 5 |  5.3
Axes           | |  0.2
Stealth        | |  0.9

Action                   |  1- 3 |  4- 6 |  7- 9 || total
-------------------------+-------+-------+-------++-------
Melee: Flail             |   113 |   165 |   206 ||   484
       Great sword       |       |       |   157 ||   157
       Battleaxe         |       |       |    14 ||    14
 Abil: Dig               |     1 |       |     3 ||     4
  Use: Potion            |     1 |     1 |    10 ||    12
       Scroll            |       |     6 |       ||     6
  Eat: Chunk             |     2 |     5 |    15 ||    22
Armor: Scale mail        |    74 |    22 |       ||    96
       Chain mail        |       |    67 |   197 ||   264
       Skin              |       |     3 |    14 ||    17
Dodge: Dodged            |    37 |    51 |   129 ||   217
Block: Shield            |    68 |    97 |   268 ||   433
       Rpst.: Great sword |       |       |    21 ||    21
